[Event "Titled Tuesday Blitz November 01 Late 2022"]
[White "Jimenez Fernandez, Rebeca"]
[Black "Ali Abdullahi, Farah"]
[WhiteFideId "32070934"]
[BlackFideId "16100212"]
[WhiteElo "1946"]
[BlackElo "2288"]
[Result "0-1"]
[Round "05"]
[TimeControl "180+1"]
[Date "2022.11.02"]
[WhiteClock "0:00:01"]
[BlackClock "0:00:54"]

1. e4 e6 2. d3 c5 3. Nf3 Nc6 4. g3 e5 5. Bg2 d6 6. O-O g6 7. c3 Bg7 8. Be3 Nge7 9. d4 cxd4 10. cxd4 exd4 11. Nxd4 O-O 12. Nc3 h6 13. Qd2 Kh7 14. Rad1 Ne5 15. b3 Ng4 16. Bf4 g5 17. f3 Ne5 18. Be3 a6 19. f4 Ng4 20. fxg5 Nxe3 21. Qxe3 Ng6 22. Nf5 hxg5 23. Rxd6 Qc7 24. Nd5 Qa5 25. Qxg5 Bxf5 26. exf5 Qc5+ 27. Kh1 Qxd6 28. fxg6+ fxg6 29. Be4 Rxf1+ 30. Kg2 Raf8 31. Ne7 R1f2+ 32. Kh3 Qe6+ 33. Bf5 R2xf5 34. Qh4+ Rh5+ 0-1


[Site "https://www.chess.com"]

[Event "Titled Tuesday Blitz November 01 Late 2022"]
[White "Jobava, Baadur"]
[Black "Goltsev, Dmitry"]
[WhiteFideId "13601520"]
[BlackFideId "24176710"]
[WhiteElo "2582"]
[BlackElo "2257"]
[Result "0-1"]
[Round "05"]
[TimeControl "180+1"]
[Date "2022.11.01"]
[WhiteClock "0:01:45"]
[BlackClock "0:01:54"]

1. b3 Nf6 2. Bb2 g6 3. c4 Bg7 4. g3 Nh5 5. d4 O-O 6. Bg2 Nc6 7. Nf3 d6 8. O-O e5 9. dxe5 dxe5 10. Nfd2 Nf6 11. Bxc6 bxc6 12. Bxe5 Bh3 13. Re1 Re8 14. Bb2 Qe7 15. Nf3 Rad8 16. Qc1 Qc5 17. Nbd2 Ng4 18. e3 Qf5 19. Bxg7 Rxd2 0-1


[Site "https://www.chess.com"]

[Event "Titled Tuesday Blitz November 01 Late 2022"]
[White "Jones, Gawain C B"]
[Black "Bortnyk, Olexandr"]
[WhiteFideId "409561"]
[BlackFideId "14120828"]
[WhiteElo "2657"]
[BlackElo "2723"]
[Result "0-1"]
[Round "05"]
[TimeControl "180+1"]
[Date "2022.11.01"]
[WhiteClock "0:00:01"]
[BlackClock "0:00:59"]

1. e4 Nf6 2. e5 Nd5 3. d4 d6 4. c4 Nb6 5. f4 dxe5 6. fxe5 Bf5 7. Nc3 e6 8. Nf3 Bb4 9. a3 Bxc3+ 10. bxc3 c5 11. a4 cxd4 12. a5 N6d7 13. cxd4 O-O 14. Ba3 Qxa5+ 15. Qd2 Qxd2+ 16. Kxd2 Rc8 17. Be2 Nc6 18. Ke3 Na5 19. Nd2 Nb6 20. Rhc1 Nc6 21. g4 Bg6 22. h4 h6 23. h5 Bh7 24. Rf1 Rd8 25. Nb3 a5 26. Rf4 a4 27. Nc5 Na5 28. Rc1 Rdc8 29. Bd3 Bxd3 30. Kxd3 Naxc4 31. Bb4 Nd5 32. Re4 Nb2+ 33. Kc2 Nxb4+ 34. Kxb2 b6 35. Ka3 bxc5 36. dxc5 Nd3 37. Rc3 Nxc5 38. Rec4 Ra5 39. Kb4 a3 40. Kxa5 a2 41. Rc1 Nb3+ 42. Kb4 Rxc4+ 43. Kxc4 Nxc1 0-1


[Site "https://www.chess.com"]

[Event "Titled Tuesday Blitz November 01 Late 2022"]
[White "Karas, Marek"]
[Black "McConnell, Griffin"]
[WhiteFideId "14928558"]
[BlackFideId "30942551"]
[WhiteElo "2220"]
[BlackElo "2337"]
[Result "1-0"]
[Round "05"]
[TimeControl "180+1"]
[Date "2022.11.02"]
[WhiteClock "0:00:19"]
[BlackClock "0:00:04"]

1. d4 d5 2. c4 Nc6 3. Nf3 Bg4 4. cxd5 Bxf3 5. gxf3 Qxd5 6. e3 e5 7. Nc3 Bb4 8. Bd2 Bxc3 9. bxc3 Qd6 10. Rb1 b6 11. Rg1 g6 12. Qa4 Ne7 13. h4 h5 14. Bb5 O-O 15. Qc4 Rad8 16. Rd1 Na5 17. Qe2 Nf5 18. e4 Ng7 19. Bg5 Rb8 20. Qe3 c6 21. Be2 exd4 22. cxd4 Qb4+ 23. Kf1 Nc4 24. Qb3 Qxb3 25. axb3 Nd6 26. Be7 Rfd8 27. Bxd8 Rxd8 28. Kg2 Ne6 29. Kg3 Kg7 30. d5 cxd5 31. Rxd5 f5 32. Rgd1 Nf7 33. Rxd8 Nfxd8 34. Rd7+ Kf6 35. Rxa7 f4+ 36. Kg2 Ke5 37. Bc4 Nc5 38. Rg7 Nc6 39. Rxg6 Nd4 40. Rg5+ Kf6 41. Rxh5 Kg6 42. Rg5+ Kf6 43. e5+ Ke7 44. Rg7+ Kf8 45. Rg6 Ke7 46. Rxb6 Nf5 47. Kh3 Nd7 48. Rb7 Kd8 49. e6 Ne5 50. Rf7 Nxf7 51. exf7 Ke7 52. Kg4 Nh6+ 53. Kxf4 Kf8 54. b4 Kg7 55. b5 Kf8 56. b6 Kg7 57. b7 Kh7 58. b8=Q Nxf7 59. Bxf7 Kh6 60. Qh8# 1-0


[Site "https://www.chess.com"]

[Event "Titled Tuesday Blitz November 01 Late 2022"]
[White "Khripachenko, Alexander"]
[Black "Becerra, Juan David"]
[WhiteFideId "54184975"]
[BlackFideId "4404998"]
[WhiteElo "2201"]
[BlackElo "2278"]
[Result "1-0"]
[Round "05"]
[TimeControl "180+1"]
[Date "2022.11.02"]
[WhiteClock "0:01:11"]
[BlackClock "0:00:39"]

1. e4 c5 2. Nf3 d6 3. d4 cxd4 4. Qxd4 a6 5. h3 Nc6 6. Qe3 g6 7. Be2 Bh6 8. Qc3 Qa5 9. Bxh6 Nxh6 10. O-O O-O 11. Qe3 Kg7 12. c4 Qc5 13. Qc3+ e5 14. Rd1 Be6 15. Nbd2 f6 16. Nb3 Qb4 17. Qxb4 Nxb4 18. Rxd6 Rfe8 19. Nc5 Bc8 20. a3 Nc6 21. b4 Nf7 22. Rd2 b6 23. Nb3 Be6 24. Rad1 b5 25. Rc1 bxc4 26. Bxc4 Na7 27. Nc5 Bxc4 28. Rxc4 Nb5 29. a4 Nd4 30. Nxd4 exd4 31. Rcxd4 g5 32. Rd7 Kg6 33. Rb7 Ne5 34. a5 Reb8 35. Rxb8 Rxb8 36. Nxa6 Rb5 37. Rd5 Rb7 38. b5 Nc4 39. b6 Re7 40. Rb5 Nd6 41. Rd5 Nxe4 42. Nc5 Nc3 43. Rd8 Re1+ 44. Kh2 Ne4 45. Nxe4 1-0


[Site "https://www.chess.com"]

[Event "Titled Tuesday Blitz November 01 Late 2022"]
[White "Kirillov, Dmitry"]
[Black "Korchmar, Vasiliy"]
[WhiteFideId "34180572"]
[BlackFideId "24131750"]
[WhiteElo "2095"]
[BlackElo "2370"]
[Result "1/2-1/2"]
[Round "05"]
[TimeControl "180+1"]
[Date "2022.11.02"]
[WhiteClock "0:00:06"]
[BlackClock "0:00:04"]

1. d4 d5 2. Nf3 Nf6 3. Bf4 c5 4. e3 Nc6 5. Nbd2 cxd4 6. exd4 Qb6 7. Nb3 Bg4 8. Be2 e6 9. c3 Be7 10. O-O O-O 11. Ne1 Bxe2 12. Qxe2 Rfe8 13. Nd3 Nd7 14. Rfe1 Rac8 15. h3 Bf8 16. Qf3 a5 17. Rac1 a4 18. Nd2 a3 19. b4 Qb5 20. Nc5 Nxc5 21. bxc5 Na5 22. Rb1 Qa4 23. Qd1 Qd7 24. Nb3 Nc4 25. Nd2 Nb2 26. Qg4 b6 27. cxb6 Rc6 28. Bc7 Bd6 29. Bxd6 Rxd6 30. c4 dxc4 31. Ne4 f5 32. Nf6+ Kh8 33. Nxd7 fxg4 34. Ne5 Rxb6 35. hxg4 Rc8 36. Rec1 Kg8 37. Rc3 Rd6 38. Rxa3 Rxd4 39. Rxb2 c3 40. Rc2 Rd1+ 41. Kh2 Rd2 42. Raxc3 Rxc2 43. Rxc8+ Rxc8 44. a4 Ra8 45. Kg3 Rxa4 46. f3 Ra5 47. Nc6 Ra6 48. Ne5 Kf8 49. Kf4 Ke7 50. Kg3 Ra2 51. Nc6+ Kd6 52. Nd4 Rd2 53. Nb5+ Kc5 54. Nc3 Rd7 55. Ne4+ Kd5 56. Nc3+ Kc6 57. Ne4 Ra7 58. Ng5 h6 59. Nxe6 Kd5 60. Nf4+ Ke5 61. Nd3+ Kf6 62. Nc5 Ra1 63. Ne4+ Ke5 64. Nc5 Rd1 65. Ne4 Rc1 66. Nf2 Rc4 67. Nd3+ Kf6 68. Nf2 Ra4 69. Ne4+ Ke5 70. Nc5 Rc4 71. Nd3+ Ke6 72. Nf4+ Kf7 73. Nd5 Rc8 74. Ne3 Rb8 75. Nf5 Ra8 76. Nd6+ Ke6 77. Ne4 Ke5 78. Nc5 Ra1 79. Nd3+ Kd4 80. Nf2 Ra7 81. Ne4 Re7 82. Nd6 Ke5 83. Ne4 Rd7 84. Nc5 Rd1 85. Ne4 Rc1 86. Nf2 Rc4 87. Nd3+ 1/2-1/2


[Site "https://www.chess.com"]

[Event "Titled Tuesday Blitz November 01 Late 2022"]
[White "Kleiman, Jake"]
[Black "Petrovic, Aleksa"]
[WhiteFideId "2020041"]
[BlackFideId "967629"]
[WhiteElo "2597"]
[BlackElo "2242"]
[Result "1-0"]
[Round "05"]
[TimeControl "180+1"]
[Date "2022.11.02"]
[WhiteClock "0:00:54"]
[BlackClock "0:00:05"]

1. e4 c5 2. c3 d5 3. exd5 Nf6 4. d4 cxd4 5. Nf3 Qxd5 6. cxd4 g6 7. Nc3 Qd8 8. Bc4 Bg7 9. O-O O-O 10. h3 b6 11. Bg5 Bb7 12. Qe2 Nbd7 13. Rad1 Rc8 14. Bb3 h6 15. Bc1 Nb8 16. Rfe1 e6 17. Ne5 Nc6 18. Nxf7 Rxf7 19. Bxe6 Kf8 20. d5 Ne7 21. Bxf7 Kxf7 22. Qe6+ Kf8 23. Bxh6 Nf5 24. Bg5 Rc7 25. d6 Rf7 26. d7 Re7 27. Bxf6 Rxe6 28. Bxd8 Rxe1+ 29. Rxe1 Bc6 30. Be7+ 1-0


[Site "https://www.chess.com"]

[Event "Titled Tuesday Blitz November 01 Late 2022"]
[White "Kobla, Vishal"]
[Black "Bazzano, Sebastian"]
[WhiteFideId "2078457"]
[BlackFideId "104566"]
[WhiteElo "1972"]
[BlackElo "2225"]
[Result "1-0"]
[Round "05"]
[TimeControl "180+1"]
[Date "2022.11.02"]
[WhiteClock "0:00:42"]
[BlackClock "0:00:01"]

1. e4 e6 2. d4 d5 3. Nd2 dxe4 4. Nxe4 Bd7 5. Be2 Bc6 6. Bf3 Nd7 7. Ne2 Bxe4 8. Bxe4 c6 9. O-O Ngf6 10. Bf3 Bd6 11. c4 O-O 12. Be3 Re8 13. Re1 e5 14. g3 exd4 15. Nxd4 Ne5 16. Be2 Bb4 17. Rf1 Bc5 18. a3 a5 19. Nf5 Bxe3 20. Nxe3 Qb6 21. Qc2 Rad8 22. c5 Qc7 23. Rad1 Ng6 24. Nc4 Ne4 25. Rxd8 Qxd8 26. Rd1 Qc7 27. b4 axb4 28. axb4 Nf6 29. Bf3 Rd8 30. Nd6 h5 31. Kg2 h4 32. Qc4 1-0


[Site "https://www.chess.com"]

[Event "Titled Tuesday Blitz November 01 Late 2022"]
[White "Kollars, Dmitrij"]
[Black "Zivkovic, Nemanja"]
[WhiteFideId "12909572"]
[BlackFideId "942154"]
[WhiteElo "2584"]
[BlackElo "2372"]
[Result "1-0"]
[Round "05"]
[TimeControl "180+1"]
[Date "2022.11.02"]
[WhiteClock "0:00:46"]
[BlackClock "0:00:14"]

1. e4 c5 2. Nf3 d6 3. Bb5+ Nd7 4. a4 a6 5. Bc4 Ngf6 6. Nc3 e6 7. a5 b5 8. axb6 Nxb6 9. Be2 Bb7 10. d3 Be7 11. O-O O-O 12. b3 d5 13. exd5 exd5 14. d4 Qc7 15. Bb2 Ne4 16. Na4 Bf6 17. Nxb6 Qxb6 18. dxc5 Qxc5 19. Bxf6 Nxf6 20. Bd3 Ne4 21. Qc1 Rfe8 22. Qa3 Rac8 23. h3 Qxa3 24. Rxa3 Nc5 25. Bf5 Rc7 26. Nd4 g6 27. Bg4 Ne6 28. Bxe6 fxe6 29. f4 e5 30. fxe5 Rxe5 31. Raa1 Re4 32. Rad1 Bc8 33. Rd2 Kg7 34. Rf3 h5 35. c3 Bd7 36. Ra2 Bc8 37. Ra5 Re5 38. Kf2 Rce7 39. Kg3 g5 40. Nc6 h4+ 41. Kh2 g4 42. hxg4 Bxg4 43. Rf4 Re4 44. Rxg4+ Rxg4 45. Nxe7 1-0


[Site "https://www.chess.com"]

[Event "Titled Tuesday Blitz November 01 Late 2022"]
[White "Krishnan, Varun"]
[Black "Sargsyan, Anna M."]
[WhiteFideId "5054508"]
[BlackFideId "13308130"]
[WhiteElo "2498"]
[BlackElo "2284"]
[Result "0-1"]
[Round "05"]
[TimeControl "180+1"]
[Date "2022.11.02"]
[WhiteClock "0:00:02"]
[BlackClock "0:00:47"]

1. d4 d5 2. c4 c6 3. Nf3 Nf6 4. Qc2 g6 5. g3 Bg7 6. Bg2 O-O 7. O-O Bf5 8. Qb3 Qb6 9. c5 Qxb3 10. axb3 a6 11. Nc3 Nbd7 12. b4 Rfe8 13. Bf4 Nh5 14. Ne5 Nxf4 15. gxf4 Nf8 16. e3 Rad8 17. Rfe1 f6 18. Nf3 Nd7 19. Nh4 Be6 20. Bf1 Bf7 21. f5 Bh6 22. Bd3 Kg7 23. f4 e5 24. fxe6 Rxe6 25. Kf2 Rde8 26. Re2 R6e7 27. Rg1 Kh8 28. Nb1 Nf8 29. Nd2 Ne6 30. f5 Nxd4 31. fxg6 Nxe2 32. gxf7 Bxe3+ 33. Kg2 Nxg1 34. fxe8=Q+ Rxe8 35. Nf1 Rg8+ 36. Ng3 b6 37. cxb6 Bxb6 38. Nf5 Ra8 39. Ne7 a5 40. Nxc6 axb4 41. Nxb4 Ra5 42. Nc6 Ra2 43. Nb4 Rxb2+ 44. Kh1 Rxb4 45. Nf5 Rb2 46. Nd6 Nf3 0-1


[Site "https://www.chess.com"]

[Event "Titled Tuesday Blitz November 01 Late 2022"]
[White "Lehtosaari, Mauri"]
[Black "Averjanov, Alexey"]
[WhiteFideId "501999"]
[BlackFideId "14109867"]
[WhiteElo "2508"]
[BlackElo "2664"]
[Result "1/2-1/2"]
[Round "05"]
[TimeControl "180+1"]
[Date "2022.11.02"]
[WhiteClock "0:00:33"]
[BlackClock "0:01:18"]

1. d4 d5 2. Nf3 Nf6 3. Bf4 e6 4. e3 c5 5. c3 Bd6 6. Bg3 Qc7 7. Nbd2 Nbd7 8. Bd3 O-O 9. O-O e5 10. dxe5 Nxe5 11. Nxe5 Bxe5 12. Bxe5 Qxe5 13. h3 b6 14. Re1 Bb7 15. Qa4 Qc7 16. Qh4 Rfe8 17. e4 dxe4 18. Nxe4 Nxe4 19. Bxe4 Bxe4 20. Rxe4 Qd7 21. Rae1 Rxe4 22. Qxe4 Rd8 23. a3 g6 24. h4 h5 25. g3 Qd6 26. Qe7 Rd7 27. Qe8+ Kg7 28. Qe4 a5 29. Kg2 Qd5 30. Qxd5 Rxd5 31. Re2 Kf6 32. Kf3 Kf5 33. Re7 f6 34. Rb7 Rd6 35. Ke3 g5 36. Rg7 Kg4 37. Rg8 Re6+ 38. Kd3 Kf5 39. b4 axb4 40. axb4 cxb4 41. cxb4 b5 42. Rh8 gxh4 43. Rxh5+ Kg6 44. Rxh4 f5 45. Rd4 Re5 46. f4 Re1 47. Rd6+ Kh5 48. Rb6 Rg1 49. Rxb5 Kg4 50. Rb8 Rxg3+ 51. Kd4 Kxf4 52. b5 Rb3 53. b6 Kf3 54. Kc5 f4 55. b7 Kf2 56. Kc6 f3 57. Rf8 Ke2 58. Kc7 f2 59. Rxf2+ Kxf2 60. b8=Q Rxb8 61. Kxb8 1/2-1/2


[Site "https://www.chess.com"]

[Event "Titled Tuesday Blitz November 01 Late 2022"]
[White "Li, Ben"]
[Black "Lazavik, Denis"]
[WhiteFideId "2089980"]
[BlackFideId "13515110"]
[WhiteElo "2267"]
[BlackElo "2437"]
[Result "0-1"]
[Round "05"]
[TimeControl "180+1"]
[Date "2022.11.01"]
[WhiteClock "0:00:24"]
[BlackClock "0:01:40"]

1. d4 f5 2. Nc3 Nf6 3. Nf3 e6 4. Bg5 Bb4 5. e3 h6 6. Bxf6 Qxf6 7. a3 Bxc3+ 8. bxc3 d6 9. c4 O-O 10. Be2 Nc6 11. O-O e5 12. Rb1 Rb8 13. c5 e4 14. Nd2 dxc5 15. dxc5 Be6 16. Bc4 Bxc4 17. Nxc4 Rfd8 18. Qe2 Rd5 19. f3 exf3 20. Rxf3 Rxc5 21. Rbf1 Qc3 22. Nd2 Qxc2 23. R1f2 Rd8 24. Nf1 Qxe2 25. Rxe2 Rd1 26. Rd2 Ra1 27. h3 Kh7 28. Kh2 Rxa3 29. g3 Rac3 30. g4 fxg4 31. hxg4 Rc2 32. Rxc2 Rxc2+ 33. Kh3 a5 34. Ng3 a4 35. Rf7 Ne5 36. Re7 Ng6 37. Rd7 Nf8 38. Rf7 Kg8 39. Re7 a3 40. Nh5 a2 41. Rxg7+ Kh8 42. Rf7 a1=Q 43. Rxf8+ Kh7 44. Rf7+ Kg8 45. Rh7 0-1


[Site "https://www.chess.com"]

[Event "Titled Tuesday Blitz November 01 Late 2022"]
[White "Luxama, Jacques Muller"]
[Black "Rosenberg, Evan S"]
[WhiteFideId "11900113"]
[BlackFideId "2019299"]
[WhiteElo "1931"]
[BlackElo "2383"]
[Result "0-1"]
[Round "05"]
[TimeControl "180+1"]
[Date "2022.11.02"]
[WhiteClock "0:00:16"]
[BlackClock "0:00:14"]

1. d4 d5 2. c4 e6 3. Nc3 c5 4. cxd5 cxd4 5. Qxd4 Nc6 6. Qc4 exd5 7. Qxd5 Qc7 8. Nf3 Nf6 9. Qb3 Be6 10. Qa4 Bc5 11. e3 O-O 12. Be2 Rfe8 13. O-O a6 14. a3 Rad8 15. b4 Ba7 16. Bb2 Bb8 17. Rfd1 Bg4 18. g3 h5 19. Rac1 Rxd1+ 20. Bxd1 Qb6 21. b5 Rxe3 22. fxe3 Qxe3+ 23. Kg2 Ba7 24. Qc2 h4 25. bxc6 h3+ 26. Kf1 Bxf3 27. Bxf3 Qxf3+ 28. Ke1 Qh1+ 29. Kd2 Qxh2+ 30. Ne2 bxc6 31. Qxc6 Qf2 32. Bxf6 Be3+ 33. Kd3 Bxc1 34. Nxc1 Qxg3+ 35. Kc2 gxf6 36. Qxf6 h2 37. Ne2 Qc7+ 38. Kd2 h1=Q 39. Qg5+ Kf8 40. Qf6 Qd5+ 41. Ke1 Qca5+ 42. Kf2 Qf5+ 43. Qxf5 Qxf5+ 44. Ke3 Qc5+ 45. Nd4 Qxa3+ 46. Ke4 Qb4 47. Kd5 a5 48. Nc6 Qb5+ 49. Kd6 a4 50. Nd4 Qb4+ 51. Kd5 a3 52. Nc6 Qb3+ 53. Kd6 a2 54. Nd4 Qd3 55. Kc5 a1=Q 56. Ne6+ fxe6 57. Kc6 Qd5+ 58. Kc7 Qa7+ 59. Kc8 Qdd7# 0-1


[Site "https://www.chess.com"]

[Event "Titled Tuesday Blitz November 01 Late 2022"]
[White "Makarian, Rudik"]
[Black "Rustemov, Alexander"]
[WhiteFideId "44105681"]
[BlackFideId "4119002"]
[WhiteElo "2405"]
[BlackElo "2923"]
[Result "1-0"]
[Round "05"]
[TimeControl "180+1"]
[Date "2022.11.01"]
[WhiteClock "0:00:09"]
[BlackClock "0:00:07"]

1. d3 d5 2. f4 Nf6 3. Nf3 g6 4. g3 Bg7 5. Bg2 O-O 6. O-O c5 7. Ne5 b6 8. e4 Bb7 9. Nc3 e6 10. Qe2 Nc6 11. Nxc6 Bxc6 12. e5 Ne8 13. Bd2 Qd7 14. g4 f6 15. g5 fxe5 16. fxe5 Rxf1+ 17. Rxf1 Nc7 18. h4 Rf8 19. Rf6 d4 20. Bxc6 Qxc6 21. Ne4 Nd5 22. h5 gxh5 23. Rxf8+ Bxf8 24. Qxh5 Qd7 25. Nf6+ Nxf6 26. gxf6 Qf7 27. Qg5+ Qg6 28. Qxg6+ hxg6 29. Kg2 b5 30. Kf3 Kf7 31. b4 cxb4 32. Ke4 a5 33. Kxd4 Ke8 34. Ke4 Kd7 35. Be3 Kc6 36. Ba7 a4 37. d4 g5 38. Bc5 Bh6 39. Bxb4 g4 40. d5+ Kd7 41. f7 g3 42. Kf3 exd5 43. Kxg3 Ke6 44. f8=Q Bxf8 45. Bxf8 Kxe5 46. Kf3 Kd4 47. Bg7+ Kc4 48. Ke3 b4 49. Bb2 Kc5 50. Kd3 Kb5 51. Kd4 Kc6 52. Bc1 Kd6 53. Bd2 b3 54. cxb3 axb3 55. axb3 Kc6 56. b4 Kd6 57. b5 Ke6 58. Kc5 Kd7 59. b6 d4 60. Bf4 Kc8 61. Kc6 Kd8 62. b7 Ke7 63. b8=Q Ke6 64. Qe5+ Kf7 65. Qxd4 Ke6 66. Bd6 Kf5 67. Bb8 Kg6 68. Qd5 Kf6 69. Qe5+ Kg6 70. Kd6 Kf7 71. Qe6+ Kg7 72. Ke5 Kh7 73. Qg4 Kh6 74. Kf6 Kh7 75. Kf7 Kh8 76. Qh4# 1-0


[Site "https://www.chess.com"]

[Event "Titled Tuesday Blitz November 01 Late 2022"]
[White "Malka, Samuel"]
[Black "Hughes, Tyler B"]
[WhiteFideId "20643675"]
[BlackFideId "2026775"]
[WhiteElo "2450"]
[BlackElo "2301"]
[Result "1-0"]
[Round "05"]
[TimeControl "180+1"]
[Date "2022.11.02"]
[WhiteClock "0:00:16"]
[BlackClock "0:00:01"]

1. Nf3 d5 2. g3 e6 3. Bg2 Nf6 4. O-O Be7 5. c4 dxc4 6. Qa4+ Bd7 7. Qxc4 c5 8. b3 Nc6 9. Bb2 Qc7 10. Qc1 Rc8 11. Nc3 a6 12. d3 b5 13. a4 b4 14. Nd1 Na5 15. Nd2 O-O 16. Ne3 Ne8 17. Nec4 Nd6 18. Ne5 Be8 19. Qc2 f6 20. Nec4 e5 21. Rac1 Bf7 22. Nxa5 Qxa5 23. Nc4 Nxc4 24. dxc4 Qc7 25. Rcd1 Rcd8 26. Qf5 g6 27. Qe4 Rxd1 28. Rxd1 Rd8 29. Rd3 Rxd3 30. exd3 a5 31. h4 h5 32. Qe3 Bf8 33. Qf3 Qd6 34. Qe3 Bg7 35. f4 exf4 36. Qxf4 Qxf4 37. gxf4 Bh6 38. Bxf6 Bxf4 39. Kf2 Bc7 40. Be7 Bb6 41. Ke3 Be6 42. Ke4 Kf7 43. Bd6 1-0


[Site "https://www.chess.com"]

[Event "Titled Tuesday Blitz November 01 Late 2022"]
[White "Manolache, Marius"]
[Black "Garayev, Kanan"]
[WhiteFideId "1201530"]
[BlackFideId "13406671"]
[WhiteElo "2364"]
[BlackElo "2244"]
[Result "1-0"]
[Round "05"]
[TimeControl "180+1"]
[Date "2022.11.02"]
[WhiteClock "0:01:46"]
[BlackClock "0:00:59"]

1. d4 d5 2. c4 dxc4 3. e3 Nf6 4. Bxc4 e6 5. Nf3 c5 6. O-O a6 7. b3 Nc6 8. Bb2 cxd4 9. Nxd4 Nxd4 10. Bxd4 Be7 11. Qf3 O-O 12. Rd1 Qc7 13. Nd2 e5 14. Bb2 Bg4 15. Qg3 Bxd1 16. Bxe5 Qa5 17. Rxd1 Rad8 18. Bd4 Bd6 19. Qh4 Qf5 20. Nf3 Bc5 21. Bd3 g5 22. Qh6 Ng4 23. Qg7# 1-0


[Site "https://www.chess.com"]

[Event "Titled Tuesday Blitz November 01 Late 2022"]
[White "Manukian, Artak"]
[Black "Ernst, Sipke"]
[WhiteFideId "13301373"]
[BlackFideId "1004689"]
[WhiteElo "2517"]
[BlackElo "2438"]
[Result "0-1"]
[Round "05"]
[TimeControl "180+1"]
[Date "2022.11.02"]
[WhiteClock "0:01:32"]
[BlackClock "0:00:45"]

1. e4 e5 2. Nf3 Nc6 3. d4 exd4 4. Nxd4 Nf6 5. Nxc6 bxc6 6. e5 Nd5 7. Bd3 Be7 8. O-O O-O 9. Qh5 g6 10. Qh6 f5 11. Nc3 Nxc3 12. bxc3 d5 13. f4 Be6 14. Be3 c5 15. Rab1 c4 16. Be2 Rf7 17. Rfd1 Qc8 18. Qh3 c6 19. Qf3 Bf8 20. Qf2 Qa6 21. Bf3 Qa5 22. Bd4 Rd8 23. Bxa7 Qxa7 0-1


[Site "https://www.chess.com"]

[Event "Titled Tuesday Blitz November 01 Late 2022"]
[White "Martinez Alcantara, Jose Eduardo"]
[Black "Azarov, Sergei"]
[WhiteFideId "3805662"]
[BlackFideId "13501470"]
[WhiteElo "2703"]
[BlackElo "2494"]
[Result "1-0"]
[Round "05"]
[TimeControl "180+1"]
[Date "2022.11.01"]
[WhiteClock "0:00:35"]
[BlackClock "0:00:02"]

1. e4 e5 2. Nf3 Nc6 3. Bb5 a6 4. Ba4 Nf6 5. O-O Be7 6. Re1 b5 7. Bb3 d6 8. c3 O-O 9. h3 h6 10. d4 Re8 11. Nbd2 Bf8 12. Bc2 Bb7 13. a3 Nb8 14. b3 Nbd7 15. Bb2 c6 16. c4 Qc7 17. Rc1 Rad8 18. Bb1 Qb8 19. b4 exd4 20. cxb5 cxb5 21. Nxd4 d5 22. exd5 Bxd5 23. Nf5 Rxe1+ 24. Qxe1 Re8 25. Qd1 Qb7 26. Nf3 Be4 27. Bxe4 Qxe4 28. Ng3 Qe6 29. Nd4 Qd5 30. Nc6 Re6 31. Nd4 Re8 32. Nf3 g6 33. Qxd5 Nxd5 34. Rc6 N7b6 35. Bd4 Re6 36. Rc1 Nc4 37. Ra1 Bg7 38. Bxg7 Kxg7 39. Nd4 Re8 40. Nge2 h5 41. f3 h4 42. Kf2 Kf6 43. Nc2 g5 44. Ncd4 Nf4 45. Nxf4 gxf4 46. a4 Rd8 47. Ne2 Kf5 48. axb5 axb5 49. Ra7 f6 50. Rb7 Rd5 51. Rxb5 Re5 52. Nd4+ Kg6 53. Rxe5 fxe5 54. Nb3 Kf5 55. Nc5 Nb6 56. b5 1-0


[Site "https://www.chess.com"]

[Event "Titled Tuesday Blitz November 01 Late 2022"]
[White "Martinez Molina, Carlos Alberto"]
[Black "Arnold, Ken"]
[WhiteFideId "5122708"]
[BlackFideId "2056836"]
[WhiteElo "2212"]
[BlackElo "2318"]
[Result "1-0"]
[Round "05"]
[TimeControl "180+1"]
[Date "2022.11.02"]
[WhiteClock "0:00:10"]
[BlackClock "0:00:17"]

1. d4 d5 2. c4 c6 3. Nc3 Nf6 4. Nf3 dxc4 5. Bg5 Nd5 6. e4 Nxc3 7. bxc3 Qa5 8. Qc2 Bg4 9. Ne5 Be6 10. Bh4 b5 11. Be2 f6 12. Nf3 Nd7 13. O-O Nb6 14. Rfb1 Bf7 15. Bg3 e6 16. Bc7 Rc8 17. Bxb6 Qxb6 18. a4 e5 19. dxe5 Bc5 20. Bf1 O-O 21. exf6 Bh5 22. Bxc4+ Kh8 23. fxg7+ Kxg7 24. axb5 Bxf3 25. gxf3 cxb5 26. Rxb5 Qg6+ 27. Kh1 Qh5 28. Rg1+ Kh8 29. Rg3 Rb8 30. Rxb8 Rxb8 31. Qd2 Qe5 32. Kg2 Qf6 33. Qd5 Qf8 34. Qe5+ 1-0


[Site "https://www.chess.com"]

[Event "Titled Tuesday Blitz November 01 Late 2022"]
[White "Matinian, Nikita"]
[Black "Tayar, Jonathan"]
[WhiteFideId "24129100"]
[BlackFideId "2606534"]
[WhiteElo "2422"]
[BlackElo "2406"]
[Result "0-1"]
[Round "05"]
[TimeControl "180+1"]
[Date "2022.11.02"]
[WhiteClock "0:00:02"]
[BlackClock "0:00:13"]

1. e4 c5 2. Nf3 d6 3. d4 Nf6 4. Nc3 cxd4 5. Nxd4 a6 6. Bg5 e6 7. f4 Be7 8. Qf3 Qc7 9. g4 Nbd7 10. O-O-O h6 11. Bxf6 Bxf6 12. h4 Qb6 13. Nb3 g5 14. hxg5 hxg5 15. Rxh8+ Bxh8 16. Qh3 Bf6 17. e5 dxe5 18. Ne4 exf4 19. Qh7 Ke7 20. Bc4 Nf8 21. Qg8 Qe3+ 22. Nbd2 Bd7 23. Nxg5 Be8 24. Nf3 Bc6 25. Re1 Qb6 26. c3 Bxf3 27. Nxf3 Qf2 28. Rf1 Qe3+ 29. Kc2 Rc8 30. g5 Bxc3 31. bxc3 Rxc4 32. Qg7 Ng6 33. Qf6+ Kd6 34. Rd1+ Kc6 35. Nd4+ Kb6 36. Rd3 Qe4 37. Qxf7 Qxd3+ 38. Kxd3 Ne5+ 39. Ke4 Nxf7 40. g6 Nh6 41. g7 Rxc3 42. Nxe6 Re3+ 0-1


[Site "https://www.chess.com"]

[Event "Titled Tuesday Blitz November 01 Late 2022"]
[White "Mekhitarian, Krikor Sevag"]
[Black "Diaz Rosas, Julio Cesar"]
[WhiteFideId "2107660"]
[BlackFideId "5105099"]
[WhiteElo "2614"]
[BlackElo "2246"]
[Result "1-0"]
[Round "05"]
[TimeControl "180+1"]
[Date "2022.11.02"]
[WhiteClock "0:00:20"]
[BlackClock "0:00:06"]

1. e4 c5 2. Nf3 d6 3. d4 cxd4 4. Nxd4 Nf6 5. Nc3 a6 6. h4 e5 7. Nb3 Be6 8. Bg5 Nbd7 9. g3 Rc8 10. f4 Qb6 11. f5 Bc4 12. Bxc4 Rxc4 13. Qd3 Rc8 14. O-O-O Be7 15. Kb1 Qc6 16. Nd2 b5 17. a3 Rb8 18. Bxf6 Nxf6 19. Nd5 a5 20. Nf1 Nd7 21. Nfe3 Nc5 22. Qc3 b4 23. axb4 axb4 24. Qc4 Rb7 25. g4 Kd7 26. f6 gxf6 27. Nxe7 Kxe7 28. Nf5+ Kf8 29. Rxd6 Qc8 30. Qxc5 1-0


[Site "https://www.chess.com"]

[Event "Titled Tuesday Blitz November 01 Late 2022"]
[White "Melikhov, Evgeny V."]
[Black "Annaberdiyev, Babageldi"]
[WhiteFideId "4122046"]
[BlackFideId "14000385"]
[WhiteElo "2169"]
[BlackElo "2332"]
[Result "0-1"]
[Round "05"]
[TimeControl "180+1"]
[Date "2022.11.02"]
[WhiteClock "0:00:06"]
[BlackClock "0:00:45"]

1. d4 e6 2. c4 f5 3. g3 Nf6 4. Bg2 Bb4+ 5. Nd2 O-O 6. a3 Be7 7. b3 d5 8. Nh3 c6 9. O-O a5 10. Nf3 Ne4 11. Qc2 Bf6 12. Nf4 Qe7 13. Nd3 Nd7 14. Bf4 b6 15. cxd5 cxd5 16. Qc7 Ba6 17. Nfe5 Nxe5 18. Qxe7 Bxe7 19. Bxe5 Bxd3 20. exd3 Nd2 21. Rfe1 Nxb3 22. Ra2 Rae8 23. Bc7 Bf6 24. Bxb6 Bxd4 25. Bxd4 Nxd4 26. Rb2 Rb8 27. Reb1 Rxb2 28. Rxb2 Rc8 29. h4 Rc1+ 30. Kh2 Rc2 31. Rb7 Rxf2 32. Ra7 Nf3+ 33. Kh3 Ne1 34. Bh1 Nxd3 35. Rxa5 Ra2 36. Ra7 Nf2+ 37. Kg2 Ng4+ 38. Kg1 Ra1+ 39. Kg2 d4 40. Rd7 e5 41. Ra7 d3 0-1


[Site "https://www.chess.com"]